Map: Prion Terraces

Players

LilDicky - Winner!

  • Race: Terran Terran
  • League: Diamond

Lightmator

  • Race: Zerg Zerg
  • League: Diamond

VOD

http://www.twitch.tv/tumescentpie

Description

Time

  • Played on: Nov. 23, 2015, 1:11 p.m.
  • Length: 18:45
Show
View Real Time Build Order
Export as new Build Order

LilDicky Terran - Winner!

Build Orders: Liberator Opening, Reaper Expand 

Get SALT Encoding   

  12  0:01  SCV  
  13  0:13  SCV  
  14  0:18  Supply Depot  
  14  0:25  SCV  
  15  0:31  Refinery  
  15  0:40  SCV  
  16  0:45  Barracks  
  16  0:52  SCV  
  17  1:04  SCV  
  18  1:16  SCV  
  19  1:32  Supply Depot, Reaper, Orbital Command  
  20  1:47  Command Center  
  20  1:59  Factory  
  20  2:00  SCV  
  21  2:08  Supply Depot  
  22  2:16  SCV  
  22  2:19  Reaper  
  23  2:25  Refinery  
  23  2:29  SCV  
  24  2:41  SCV  
  25  2:46  Factory Reactor  
  25  2:54  SCV, Marine  
  27  2:59  Orbital Command  
  27  3:05  Starport  
  27  3:06  SCV  
  28  3:17  Barracks Reactor  
  28  3:18  SCV  
  29  3:40  SCV, Hellion x2  
  34  3:54  Supply Depot  
  34  3:56  Barracks  
  34  3:57  Barracks, Liberator x2  
  34  3:58  Barracks  
  33  4:08  SCV  
  34  4:13  Hellion x2  
  34  4:16  SCV  
  45  4:20  Barracks Tech Lab  
  43  4:34  Hellion  
  45  4:39  Hellion  
  47  4:56  Hellion  
  48  5:00  Hellion  
  45  5:16  Barracks Tech Lab x3  
  45  5:17  Hellion  
  45  5:18  Stimpack  
  45  5:19  Marauder  
  46  5:22  Hellion  
  42  5:33  SCV  
  42  5:35  SCV  
  40  5:40  Marauder  
  42  5:45  SCV  
  42  5:47  SCV  
  44  5:51  Liberator  
  44  5:55  Marauder x2  
  44  5:57  SCV  
  44  5:59  SCV  
  44  6:02  Marauder  
  48  6:10  SCV  
  50  6:11  SCV  
  50  6:16  Marauder x2  
  53  6:20  Marauder  
  53  6:25  Marauder  
  54  6:35  SCV x2  
  54  6:37  Marauder x2  
  60  6:40  Marine  
  59  6:47  SCV x2  
  59  6:52  Supply Depot  
  59  6:53  Marauder  
  63  6:58  Marine x3  
  63  7:00  Medivac  
  69  7:10  Supply Depot  
  69  7:11  Supply Depot, Medivac  
  69  7:14  Orbital Command  
  69  7:15  SCV  
  71  7:28  Marine x2  
  71  7:29  Marauder x2  
  65  7:40  Supply Depot  
  65  7:45  Supply Depot  
  65  7:47  Marauder x2  
  65  7:50  Marine  
  55  7:59  Marine  
  55  8:01  SCV x2  
  50  8:07  Marine  
  50  8:08  Marauder x2  
  54  8:13  SCV x2  
  54  8:17  Marine  
  57  8:25  SCV x2  
  57  8:26  Marauder  
  61  8:29  Marauder, Marine  
  64  8:35  Command Center, Marine  
  64  8:37  SCV  
  58  8:41  SCV  
  58  8:47  Marine  
  60  8:49  SCV  
  60  8:51  Marine x2  
  60  8:53  SCV, Marauder  
  63  9:01  SCV  
  52  9:04  Marine  
  52  9:05  SCV  
  52  9:09  Marine x2  
  55  9:13  SCV  
  55  9:15  Marauder  
  58  9:18  SCV  
  59  9:24  Marine  
  59  9:25  SCV, Engineering Bay  
  59  9:26  Marine  
  59  9:27  Marine  
  59  9:29  Refinery  
  59  9:30  SCV, Refinery  
  64  9:31  Refinery  
  64  9:33  Refinery  
  64  9:36  Marine  
  64  9:38  SCV  
  66  9:42  SCV  
  64  9:48  Marine x2  
  64  9:49  Marine  
  62  9:54  Marauder  
  64  10:06  Marine x3  
  67  10:15  Marine  
  64  10:24  Marine x3  
  65  10:33  Marauder  
  64  10:42  Marine x2  
  60  10:43  Marauder  
  58  10:55  Marauder  
  46  11:00  Marauder, Refinery, Marine  
  46  11:03  Marine  
  50  11:05  Planetary Fortress, Missile Turret  
  50  11:07  SCV x2  
  52  11:16  Marauder  
  52  11:17  Marine  
  54  11:19  SCV  
  54  11:21  Marine x2  
  54  11:32  Medivac x2  
  53  11:35  Marine  
  53  11:37  SCV x2, Marauder  
  53  11:39  Marine x2  
  61  11:49  SCV  
  61  11:53  Marine  
  61  11:57  Marine x2  
  61  11:58  Terran Infantry Weapons Level 1  
  61  11:59  Marauder  
  61  12:00  Engineering Bay  
  65  12:02  Widow Mine  
  65  12:03  Widow Mine  
  69  12:11  Marine  
  69  12:13  SCV x2  
  69  12:14  Marine  
  69  12:15  Marine  
  74  12:16  SCV  
  74  12:19  Marine  
  74  12:21  Combat Shields  
  76  12:29  Marauder  
  78  12:32  Marine x2  
  80  12:37  Marine  
  59  12:47  Terran Infantry Armor Level 1  
  59  12:50  Marine x3  
  52  12:52  Missile Turret  
  52  12:55  Missile Turret, Marine  
  52  12:56  SCV  
  54  13:04  Medivac  
  56  13:08  Marauder, Marine x2  
  60  13:13  Marine  
  60  13:16  SCV  
  60  13:18  SCV  
  63  13:24  Missile Turret  
  63  13:26  Marauder, Marine  
  66  13:29  Marine  
  66  13:31  Marine  
  68  13:44  Marine  
  68  13:46  SCV x2  
  68  13:47  Marine x2  
  73  13:49  Marine  
  61  14:01  Barracks, Marine  
  62  14:05  Barracks, Marine  
  62  14:06  Marauder  
  62  14:07  Barracks, Marauder  
  67  14:11  Armory  
  67  14:17  Concussive Shells  
  67  14:20  Marauder  
  67  14:23  Marine  
  70  14:27  SCV, Marine  
  70  14:28  Marine  
  71  14:40  Marine  
  71  14:41  Marine  
  71  14:43  SCV  
  71  14:44  Marine  
  75  14:46  Marauder  
  75  14:49  Widow Mine x2  
  75  14:51  Medivac x2  
  85  14:53  Marine  
  85  14:56  Barracks Reactor x2  
  85  14:58  Marine x2  
  86  15:01  Barracks  
  86  15:02  Marine  
  86  15:03  Barracks  
  83  15:07  Marine  
  83  15:10  Marine  
  85  15:16  Marine x2  
  85  15:20  Marine  
  85  15:25  Marine  
  76  15:30  Marine  
  76  15:34  Marauder  
  76  15:35  Marauder  
  81  15:38  Marauder  
  73  15:43  Marine x3  
  73  15:45  Widow Mine  
  73  15:47  Marine  
  79  15:53  Missile Turret  
  79  15:56  Missile Turret, Marauder x2  
  83  16:00  Marauder  
  83  16:01  Marauder  
  87  16:05  Marine  
  84  16:17  Marauder x2  
  74  16:23  Marine x3  
  73  16:37  Marine x4  
  77  16:43  Missile Turret  
  77  16:44  Missile Turret x2  
  77  16:48  Refinery, Marine x2  
  77  16:49  Missile Turret, Marauder x2  
  83  16:56  Marauder, Widow Mine, Marine x2  
  83  16:57  Widow Mine, Marauder  
  83  16:58  Medivac x2  
  97  17:07  Marine x2  
  99  17:14  Command Center  
  79  17:35  Marine x2  
  79  17:36  Marine, Marauder x2  
  79  17:37  Marine, Marauder x2  
  85  18:01  SCV x2  
  81  18:09  Marine  
  82  18:13  SCV x2  
  84  18:26  Marine x2  
Show
View Real Time Build Order
Export as new Build Order

Lightmator Zerg 

Build Orders: Hatch First 

Get SALT Encoding   

  12  0:01  Drone  
  13  0:08  Drone  
  14  0:18  Extractor  
  14  0:19  Drone, Extractor  
  15  0:24  Overlord  
  15  0:47  Hatchery  
  14  0:50  Drone  
  14  0:54  Drone  
  16  0:59  Drone  
  17  1:13  Spawning Pool  
  17  1:16  Extractor  
  15  1:19  Drone  
  15  1:24  Drone x2  
  18  1:34  Drone  
  19  1:47  Drone  
  20  1:55  Drone  
  20  1:59  Queen  
  20  2:00  Drone  
  24  2:07  Drone  
  25  2:14  Queen  
  27  2:17  Zergling x2  
  27  2:20  Metabolic Boost  
  27  2:21  Extractor  
  27  2:22  Zergling x2  
  29  2:33  Spore Crawler  
  28  2:37  Extractor  
  27  2:47  Overlord  
  29  3:05  Roach Warren  
  28  3:25  Hatchery  
  26  3:45  Roach  
  26  3:46  Roach x3  
  26  3:47  Overlord  
  34  3:51  Overlord  
  34  3:52  Overlord  
  34  4:01  Lair  
  34  4:07  Roach x3  
  34  4:09  Roach  
  42  4:26  Roach  
  43  4:34  Roach  
  43  4:38  Roach  
  47  4:39  Drone x5  
  47  4:44  Drone  
  53  4:48  Roach, Extractor  
  53  4:49  Drone  
  53  4:51  Drone x2  
  57  4:54  Overlord  
  57  5:04  Roach  
  53  5:20  Roach  
  51  5:22  Roach  
  51  5:27  Drone x3  
  54  5:29  Evolution Chamber x2  
  48  5:55  Roach  
  48  5:56  Drone x2, Roach x2  
  56  5:58  Drone x2  
  56  5:59  Drone x2  
  56  6:00  Queen  
  62  6:09  Drone  
  62  6:10  Drone x2  
  63  6:29  Zergling x2  
  63  6:30  Zergling x10  
  63  6:31  Zergling x4  
  65  6:39  Zergling x6  
  66  6:45  Zergling x2  
  66  6:46  Zergling x2  
  64  6:51  Zergling x2  
  66  6:54  Zergling x2  
  66  6:57  Spire  
  66  6:59  Drone  
  66  7:00  Drone x2, Zergling x2  
  69  7:01  Zergling x2  
  69  7:05  Extractor x2  
  68  7:11  Zergling x4  
  68  7:12  Zergling x2  
  68  7:13  Zergling x4  
  68  7:15  Zergling x2  
  74  7:19  Overlord  
  74  7:20  Overlord  
  73  7:25  Overlord  
  70  7:31  Zergling x2  
  70  7:32  Zergling x2  
  70  7:34  Zergling x4  
  70  7:35  Zergling x4  
  73  7:39  Zergling x2  
  70  7:44  Zergling x2  
  70  7:45  Zergling x4  
  70  7:46  Zergling x2  
  70  7:47  Zergling x2  
  71  7:53  Zergling x2  
  63  8:00  Zergling x4  
  63  8:05  Zergling x2  
  65  8:08  Drone x2  
  64  8:20  Zergling x2  
  64  8:22  Burrow  
  64  8:28  Hatchery  
  64  8:29  Corruptor  
  64  8:30  Corruptor x2  
  64  8:32  Drone  
  70  8:40  Corruptor  
  63  8:57  Corruptor  
  63  9:02  Zergling x4  
  64  9:03  Zergling x4  
  64  9:04  Zergling x6  
  64  9:05  Zergling x4  
  66  9:10  Zergling x2  
  66  9:11  Zergling x2  
  66  9:13  Corruptor  
  66  9:15  Zergling x2  
  66  9:16  Zergling x2  
  72  9:19  Extractor  
  72  9:21  Zergling x2  
  72  9:26  Zergling x2  
  72  9:28  Zergling x2  
  72  9:31  Hatchery, Corruptor  
  75  9:42  Zergling x2  
  76  9:50  Overlord  
  75  9:53  Zergling x2  
  75  9:54  Zergling x4  
  75  9:56  Zergling x4  
  75  9:59  Drone  
  72  10:12  Zergling x2  
  72  10:13  Zergling x4  
  69  10:48  Drone  
  59  10:50  Drone  
  57  11:04  Mutalisk x3  
  57  11:06  Overlord x3  
  57  11:09  Extractor  
  62  11:11  Spawning Pool  
  53  12:06  Zergling x4  
  53  12:07  Zergling x4  
  53  12:08  Queen, Zergling x4  
  61  12:09  Zergling x2  
  61  12:10  Queen x2, Zergling x4  
  61  12:13  Zergling x4  
  61  12:15  Zergling x2  
  71  12:17  Zergling x2  
  72  12:23  Baneling Nest  
  72  12:26  Zergling x2  
  72  12:28  Zergling x2  
  73  12:30  Zergling x2  
  73  12:31  Zergling x2  
  73  12:36  Zergling x2  
  76  12:39  Zergling x2  
  64  12:46  Zergling x2  
  64  12:49  Zergling x2  
  64  12:50  Zergling x2  
  66  12:51  Zergling x2  
  66  12:53  Zergling x4  
  66  12:54  Queen  
  66  12:57  Zerg Melee Weapons Level 1  
  66  12:58  Zerg Ground Armor Level 1  
  71  12:59  Zergling x2  
  71  13:02  Drone  
  71  13:05  Drone x2, Queen  
  77  13:08  Drone  
  77  13:11  Zergling x2  
  77  13:12  Zergling x2  
  80  13:14  Zergling x2  
  81  13:21  Drone x3  
  81  13:22  Drone x3  
  81  13:25  Zergling x2  
  81  13:26  Zergling x2  
  90  13:27  Centrifical Hooks, Zergling x2  
  90  13:31  Zergling x2  
  91  13:34  Corruptor  
  91  13:37  Corruptor  
  93  13:45  Corruptor x3  
  95  13:56  Drone x2, Queen  
  95  13:57  Corruptor x2  
  103  14:05  Baneling x4  
  103  14:06  Baneling  
  103  14:08  Drone  
  103  14:10  Spore Crawler  
  103  14:13  Drone x2  
  103  14:16  Spore Crawler  
  101  14:25  Spine Crawler  
  101  14:27  Drone  
  101  14:32  Spore Crawler  
  100  14:40  Drone  
  100  14:48  Spine Crawler  
  100  14:49  Zergling x2  
  100  14:50  Baneling  
  100  14:52  Baneling  
  100  15:02  Baneling x4  
  99  15:11  Zergling x4  
  99  15:15  Zergling x2  
  87  15:47  Baneling x8  
  87  15:49  Zergling x4  
  89  15:52  Zergling x2  
  89  15:55  Zergling x2  
  91  15:57  Zergling x2  
  86  16:05  Zergling x2  
  71  16:20  Zergling x4  
  65  16:27  Zergling x2  
  65  16:28  Zergling x4  
  65  16:29  Zergling x2  
  65  16:30  Zergling x6  
  65  16:32  Zergling x4  
  71  16:42  Zergling x2  
  71  16:43  Zergling x2  
  73  16:51  Baneling x9  
  72  16:55  Zergling x2  
  72  16:59  Zergling x2  
  72  17:00  Zergling x2  
  72  17:08  Baneling x3  
  72  17:09  Zergling x2  
  72  17:11  Zergling x2  
  72  17:14  Zergling x2  
  73  17:27  Zergling x2  
  69  17:35  Zergling x2  
  67  17:43  Zergling x4  
  52  18:02  Zergling x4  
  45  18:07  Zergling x2  
  46  18:12  Baneling  
  46  18:13  Baneling x2  
  46  18:16  Baneling  
  44  18:23  Zergling x2  
  44  18:26  Baneling  
Tags
 
Add a new tag
Caveats
  • Supply blocks, unpowered buildings, or Contaminate may cause inaccurate times.
  • Supply counts are checked every 10 seconds.